Cogmind - Beta 13 @@@ ROGUE MODE // 2024.05.10 @ 17:22:55 Player: Sacrath Result: Destroyed by as-17043 with Assembled Rifle Performance ------------- Evolutions (0) 0 Regions Visited (2) 400 Robots Destroyed (5) 25 Value Destroyed (189) 189 Prototype IDs (0) 0 Alien Tech Used (0) 0 Bonus (0) 0 TOTAL SCORE: 614 Bonus ------- None Cogmind --------- Core Integrity 0/250 Matter 247/300 Energy 81/100 System Corruption 1% Temperature Cool (0) Movement Core (50) Location -10/Mines Parts ------- > --- POWER (1) -------- (None) > --- PROPULSION (2) --- (None) > --- UTILITY (2) ------ (None) > --- WEAPON (2) ------- (None) > --- INVENTORY (5) ---- Improved Ion Engine High-capacity Storage Unit Peak State ------------ > --- POWER ------------ Improved Ion Engine > --- PROPULSION ------- Light Treads Wheel > --- UTILITY ---------- Small Storage Unit Light Armor Plating > --- WEAPON ----------- Light Cannon Light Cannon > --- INVENTORY -------- Improved Ion Engine High-capacity Storage Unit EM Pulse Gun [Rating: 8] Favorites ----------- Power Improved Ion Engine Engine Improved Ion Engine Propulsion Light Treads Treads Light Treads Wheel Wheel Utility Small Storage Unit Storage Small Storage Unit Protection Light Armor Plating Weapon Light Cannon Energy Gun EM Pulse Gun Ballistic Cannon Light Cannon Build | -11 -10 -10 ------- Run | Yrd Mat Min Slots Evolved . | . . . Power . | . . . Propulsion . | . . . Utility . | . . . Weapon . | . . . Parts Attached 15 | 5 7 3 Power 2 | 1 1 . Engine 2 | 1 1 . Core . | . . . Reactor . | . . . Propulsion 6 | 2 2 2 Treads 2 | . 2 . Leg . | . . . Wheel 4 | 2 . 2 Hover . | . . . Flight . | . . . Utility 2 | 1 1 . Device . | . . . Storage 1 | 1 . . Processor . | . . . Hackware . | . . . Protection 1 | . 1 . Artifact . | . . . Weapon 5 | 1 3 1 Energy Gun 3 | 1 1 1 Energy Cannon . | . . . Ballistic Gun . | . . . Ballistic Cannon 2 | . 2 . Launcher . | . . . Special Weapon . | . . . Impact Weapon . | . . . Slashing Weapon . | . . . Piercing Weapon . | . . . Special Melee Weapon . | . . . Unidentified Prototypes . | . . . Parts Lost 10 | . 1 9 Power 1 | . . 1 Propulsion 5 | . 1 4 Utility 1 | . . 1 Weapon 3 | . . 3 Highest Loss Streak 5 | . 1 5 To Critical Strikes 1 | . . 1 Average Slot Usage (%) 80 | . 87 69 Engine 11 | . 13 8 Treads 15 | . 12 18 Wheel 7 | . 11 . Storage 12 | . 14 10 Protection 10 | . 12 8 Energy Gun 5 | . 8 . Ballistic Cannon 16 | . 13 21 Naked Turns 7 | . . 7 Heaviest Build 21 | 12 21 21 Greatest Support 40 | 26 40 40 Greatest Overweight (x) 2 | . 2 2 Average Overweight (x) . | . . . Largest Inventory Capacity 8 | 8 8 8 Average Capacity 7 | 6 8 7 Most Carried 5 | 1 4 5 Average Carried 2 | . 2 3 Final Capacity 8 | 8 8 5 Final Carried 3 | . 3 2 Class Distribution -------------------- 100% | Mutant Dominant Class ---------------- Mutant | -10/Materials Mutant | -10/Mines Resources | -11 -10 -10 ----------- Run | Yrd Mat Min Matter Collected 367 | 249 74 44 Remotely . | . . . Salvage Created 177 | . 148 29 Parts 13 | . 13 . Haulers Intercepted 1 | . 1 . Recyclers Shooed . | . . . Parts Field Recycled . | . . . Retrieved Matter . | . . . Parts Self-Destructed . | . . . Prevented . | . . . Kills | -11 -10 -10 ------- Run | Yrd Mat Min Combat Hostiles Destroyed 10 | . 2 8 Guns 2 | . 2 . Cannons 8 | . . 8 Classes Destroyed 4 | . 2 2 Hauler 1 | . 1 . Grunt 2 | . 2 . Demolisher 2 | . . 2 Assembled 6 | . . 6 Best Kill Streak 7 | . 1 7 Combat Bots Only 7 | . 1 7 Max Kills in Single Turn 1 | . 1 1 Gunslinging . | . . . Exploded . | . . . Melee . | . . . Uniques/NPCs Destroyed . | . . . Combat | -11 -10 -10 -------- Run | Yrd Mat Min Hostile Shots Fired 58 | . 14 44 Missed 8 | . 2 6 Damage Taken 1112 | . 154 958 Core 251 | . 30 221 Absorbed by Shields . | . . . Core Remaining (%) 100 | 100 . . Volleys Fired 38 | . 13 25 Largest 2 | . 2 2 Hottest 80 | . 80 70 Shots Fired 50 | . 18 32 Gun 20 | . 16 4 Cannon 30 | . 2 28 Launcher . | . . . Special . | . . . Kinetic 30 | . 2 28 Thermal . | . . . Explosive . | . . . Electromagnetic 20 | . 16 4 Robot Hit Streak 4 | . 4 4 Robot Miss Streak 4 | . 1 4 Penetration Max . | . . . Secondary Targets . | . . . Shots Hit Robots 25 | . 12 13 Core Hits 17 | . 6 11 Critical Kills . | . . . Critical Parts Destroyed . | . . . Critical Strikes 1 | . . 1 Blast 1 | . . 1 Melee Attacks . | . . . Impact . | . . . Slashing . | . . . Piercing . | . . . Sneak Attacks . | . . . Combat Hostiles . | . . . Follow-up Attacks . | . . . Damage Inflicted 466 | . 170 296 Guns 165 | . 155 10 Cannons 301 | . 15 286 Explosions . | . . . Melee . | . . . Ramming . | . . . Kinetic 301 | . 15 286 Thermal . | . . . Explosive . | . . . Electromagnetic 165 | . 155 10 Impact . | . . . Slashing . | . . . Piercing . | . . . Highest Corruption 1 | . . 1 Average Corruption 1 | . . 1 Corruption Purged . | . . . Corruption Blocked . | . . . Overload Shots . | . . . Overflow Damage 5 | . . 5 Projectiles 5 | . . 5 Explosions . | . . . Melee . | . . . Knockbacks 3 | . . 3 Impact . | . . . Kinetic 3 | . . 3 Secondary . | . . . Self-Inflicted Damage . | . . . Shots . | . . . Rammed . | . . . Targets Rammed . | . . . Kicked . | . . . Crushed . | . . . Highest Temperature 132 | . 132 104 Average Temperature 53 | . 61 42 Received Heat Transfer 104 | . 84 20 Siege Activations . | . . . Robots Corrupted . | . . . Combat Hostiles . | . . . Parts Fried 2 | . 2 . Impact Corruptions . | . . . Robots Melted . | . . . Combat Hostiles . | . . . Parts Melted . | . . . Heat Transferred . | . . . Parts Sabotaged . | . . . Parts Stolen . | . . . Parts Stripped . | . . . Power Chain Reactions . | . . . Alert | -11 -10 -10 ------- Run | Yrd Mat Min Peak Influence 47 | . 47 45 Initial 5 | . . 5 Average 16 | . 19 14 Maximum Alert Level . | . . . Low Security (%) 100 | 100 100 100 Level 1 . | . . . Level 2 . | . . . Level 3 . | . . . Level 4 . | . . . Level 5 . | . . . High Security . | . . . Max Security . | . . . Squads Dispatched . | . . . Investigation . | . . . Extermination . | . . . Reinforcement . | . . . Assault . | . . . Garrison . | . . . Intercept . | . . . Searches Triggered . | . . . Construction Impeded . | . . . Haulers Reinforced . | . . . Active Scanning Responses . | . . . Cargo Convoy Interrupts . | . . . Stealth | -11 -10 -10 --------- Run | Yrd Mat Min Distress Signals 1 | . 1 . Communications Jammed . | . . . Distress Signals . | . . . Times Spotted 19 | . 5 14 Peak Tracking Total 7 | . 3 7 Tactical Retreats . | . . . Traps | -11 -10 -10 ------- Run | Yrd Mat Min Traps Triggered . | . . . Indirectly . | . . . Trap Hack Attempts . | . . . Triggered . | . . . Disarmed . | . . . Reprogrammed . | . . . Reused . | . . . Traps Extracted . | . . . Installed . | . . . Triggered . | . . . Machines | -11 -10 -10 ---------- Run | Yrd Mat Min Machines Disabled . | . . . Max in Single Turn . | . . . Machines Repaired . | . . . Machines Dismantled . | . . . Machines Sabotaged . | . . . Overloaded Fab Kills . | . . . Hacking | -11 -10 -10 --------- Run | Yrd Mat Min Machines Accessed 1 | . 1 . Terminals 1 | . 1 . Fabricators . | . . . Repair Stations . | . . . Recycling Units . | . . . Scanalyzers . | . . . Garrison Access . | . . . Total Hacks 2 | . 2 . Successful 2 | . 2 . Failed . | . . . Catastrophic . | . . . Database Lockouts . | . . . Manual 1 | . 1 . Terminals 2 | . 2 . Fabricators . | . . . Repair Stations . | . . . Recycling Units . | . . . Scanalyzers . | . . . Garrison Access . | . . . Terminal Hacks 2 | . 2 . Alert Level 1 | . 1 . Unreport Threat 1 | . 1 . Fabricator Hacks . | . . . Repair Station Hacks . | . . . Recycling Unit Hacks . | . . . Scanalyzer . | . . . Garrison Access Hacks . | . . . Unauthorized Hacks . | . . . Terminals . | . . . Fabricators . | . . . Repair Stations . | . . . Recycling Units . | . . . Scanalyzers . | . . . Garrison Access . | . . . Data Cores Recovered . | . . . Used . | . . . Hacking Detections . | . . . Full Trace Events . | . . . Feedback Events . | . . . Feedback Blocked . | . . . Robot Schematics Acquired . | . . . Robots Built . | . . . Authchips . | . . . Time . | . . . Total Robot Build Rating . | . . . Part Schematics Acquired . | . . . Parts Built . | . . . Authchips . | . . . Time . | . . . Total Part Build Rating . | . . . Parts Repaired . | . . . Time . | . . . Parts Recycled . | . . . Recycled Matter . | . . . Retrieved Matter . | . . . Retrieved Components . | . . . Parts Scanalyzed . | . . . Part Schematics Acquired . | . . . Parts Damaged . | . . . Bothacking | -11 -10 -10 ------------ Run | Yrd Mat Min Used RIF Installer . | . . . Robots Hacked . | . . . Non-combat . | . . . Combat . | . . . Robot Hacks Applied . | . . . Relay Couplers Released . | . . . Fabnet Peak Effective % . | . . . Robots Rewired . | . . . Allies Hacked . | . . . Hacks Repelled . | . . . Allies | -11 -10 -10 -------- Run | Yrd Mat Min Total Allies . | . . . Largest Group . | . . . Highest-Rated Group . | . . . Highest-Rated Ally . | . . . Total Orders . | . . . Ally Attacks . | . . . Total Damage . | . . . Kills . | . . . Allies Corrupted . | . . . Allies Melted . | . . . Intel | -11 -10 -10 ------- Run | Yrd Mat Min Robot Analysis Total . | . . . Derelict Logs Recovered 1 | . . 1 Drone Launches . | . . . Drone Recoveries . | . . . Exploration | -11 -10 -10 ------------- Run | Yrd Mat Min Turns Passed 579 | 49 317 213 Spaces Moved 374 | 44 202 128 Core 55 | 4 . 51 Treads 159 | . 86 73 Legs . | . . . Wheels 160 | 40 116 4 Hover . | . . . Flight . | . . . Fastest Speed 50 | 50 80 50 Average Speed 114 | 86 121 114 Slowest Speed 240 | 90 240 160 Overloaded Moves . | . . . Propulsion Burnouts . | . . . Robots Hopped . | . . . Cave-ins Triggered . | . . . Exploration Rate (%) 29 | 4 47 37 Regions Visited 2 Branch Regions 1 Pre-discovered Areas . | . . . Known Exits Taken . | . . . Unknown Exits Taken 2 | 1 1 . Scrap Searched . | . . . Spaces Dug . | . . . Terrain Destroyed . | . . . Melee . | . . . Projectile . | . . . AOE . | . . . Terrain Rammed . | . . . Walls Destroyed . | . . . Machines Disabled . | . . . Actions | -11 -10 -10 --------- Run | Yrd Mat Min Total 473 | 55 256 162 Wait 28 | 2 23 3 Move 372 | 43 201 128 Hop . | . . . Pick Up 16 | 5 9 2 Fast Attach . | . . . Attach 13 | 5 5 3 Detach . | . . . Swap 2 | . 2 . Drop 4 | . 3 1 Fire 38 | . 13 25 Melee . | . . . Ram . | . . . Kick . | . . . Crush . | . . . Escape Stasis . | . . . Rewire . | . . . Trap . | . . . Miscellaneous . | . . . Route ------- -11/Scrapyard -10/Materials (discovered 2 exits: [*Mat] / [*Min]) -10/Mines (discovered 1 exit: [*Mat]) History --------- Turn | Location | Event 17 | -11/Scrapyard | Discovered new exit (range 15) 50 | -11/Scrapyard | Entered Materials 172 | -10/Materials | Discovered new exit (range 16) 273 | -10/Materials | Discovered new exit (range 7) 308 | -10/Materials | Build established: Mutant 367 | -10/Materials | Entered Mines 428 | -10/Mines | Discovered new exit (range 11) 467 | -10/Mines | Assembled infested the area 520 | -10/Mines | Core integrity fell below 50% 548 | -10/Mines | Lost 5 parts (1p2n1u1w) 550 | -10/Mines | Learned location of 1 exit from Materials 558 | -10/Mines | Destroyed 7 combat bots 568 | -10/Mines | Core integrity fell below 20% 580 | -10/Mines | Destroyed by as-17043 with Assembled Rifle Last Messages --------------- The unstable cave ceiling collapses. Acquired Wheel. as-15435 knocked back. as-15435 destroyed. Acquired 16 matter. The unstable cave ceiling collapses. Acquired 4 matter. Acquired 2 matter. Acquired Wheel. Wheel destroyed. System corrupted by crushing effect (+1). Acquired derelict log, extracted data. Data stored: Materials exits (x1). Critical hit (Destroy). Wheel destroyed. as-62259 knocked back. as-62259 destroyed. Lgt. Cannon destroyed. EM Pulse Gun destroyed. Acquired 4 matter. Map ----- +----------------------------------------------------+ | | | | | | | | | | | | | | | | | | | | | | | | | | | | | ???????????????????????????????????????? | | ???????????????????????????????????????? | | ???????####????????????????????????????? | | ??????## ###??????????????????????????? | | ?????## ##?????????????????????????? | | ???### #??####???????????????????? | | ??## #???# ##??????????????????? | | ??# % #???## #??????????????????? | | ??# """ ##??## #???????????????????? | | ??# """ #???# #???????????????????? | | ??# """ ##### ###########?????????? | | ??# a @ % % #????? | | ??## < ### ###### #?????????? | | ???## ###########?# #????? #?????????? | | ????####????????????# #????? #?????????? | | ????????????????????# #????# #?????????? | | ????????????????????# #?#### #####?????? | | ????????????????????# #?# #?????? | | ????????????????????# #?# """ #?????? | | ????????????????????#*### """ #?????? | | ?????????????????#### # """ #?????? | | ?????????????????# ## #?????? | | ??????????????#### # #! #?????? | | ??????????????# ## #?????? | | ??????????????# # # #?????? | | ??????????????#?## = ### #?????? | | ?????????????????# %%*# ## ## ####?????? | | ?????????????????# %#= # ##????????? | | ?????????????????# # # ##?????????? | | ?????????????????## # ## ####??????????? | | ??????????????????# # # ##?????????????? | | ??????????????????### ###??????????????? | | ????????????????????#"#????????????????? | | ????????????????????#%###??????????????? | | ????????????????????#" #??????????????? | | ????????????????????### #??????????????? | +----------------------------------------------------+ Best States ------------- Heat Dissipation 25 Energy Generation 12 Energy Capacity 265 Matter Stores 300 Matter Capacity 300 Sight Range 16 Terrain Scan Density 10 Armor Coverage 150 Evasion (%) 50 Recoil Reduction 2 Item Schematics ----------------- None Robot Schematics ------------------ None Fabricated ------------ Nothing Alien Tech Used ----------------- None Achievements -------------- None Challenges ------------ None Game ------ Seed CoolingThermalSlayer Manual? 0 Play Time 00:08:21 Cumulative 35.7 hours Start 2024.05.10 @ 17:16:34 End 2024.05.10 @ 17:22:55 Sessions 1 Manual Loads 0 Difficulty Rogue Special Mode None Game No. 52 Rogue 3 Adventurer 49 Explorer 0 Win Type - Total 2 Types 2/0/0/0/0/0/0/0/0 Lore% 24 Gallery% 45 Achievement% 37 Wizard Run 0 Options --------- Layout 1 ASCII 0 Keyboard 0 Movement Mouse Keybinds 0 Fullscreen 1 Font 24/Smallcaps Map View 50x35 Zoom Use 0% Tactical HUD 0 Map Filters NONE Filters NONE Steam 1 RUN: 3e3d49b2-fc01-4415-988c-69e2ea89766e